 Dungeon Crawl Stone Soup version 0.31.0-32-g396128a36d (webtiles) character file.

Game seed: 505393960565369434

76 mainiacjoe the Vexing (level 4, -3/28 HPs)
             Began as an Octopode Hexslinger on Apr 1, 2024.
             Slain by a gnoll
             ... wielding a +0 spear
             ... led by a gnoll bouda
              (8 damage)
             ... on level 3 of the Dungeon.
             The game lasted 00:05:08 (1653 turns).

mainiacjoe the Vexing (Octopode Hexslinger)         Turns: 1653, Time: 00:05:08

Health: -3/28      AC:  1    Str:  6 (7)  XL:     4   Next: 32%
Magic:  5/6        EV: 13    Int: 15 (17) God:
Gold:   75         SH:  0    Dex: 12 (14) Spells: 1/6 levels left

rFire   + . .        a - +2 sling
rCold   x . .        (no shield)
rNeg    . . .        (helmet restricted)
rPois   .            (no amulet)
rElec   .            i - ring of fire
rCorr   .            (no ring)
SInv    .            (no ring)
Will    .....        (no ring)
Stlth   ++           (no ring)
HPRegen 0.24/turn    (no ring)
MPRegen 0.10/turn    (no ring)
                     (no ring)

%: no passive effects
@: weak-willed, weakened
A: almost no armour, amphibious, 8 rings, camouflage 1, gelatinous body 1,
(nimble swimmer 1), tentacles
a: no special abilities


You were on level 3 of the Dungeon.
You visited 1 branch of the dungeon, and saw 3 of its levels.

You collected 75 gold pieces.

Inventory:

Hand Weapons
 a - a +2 sling (weapon)
 b - a +4 dagger of venom
 j - a +0 dagger
 k - a +0 short sword
Missiles
 c - 14 stones
 h - 4 datura-tipped darts {=F}
Jewellery
 i - a ring of fire (left tentacle)
Scrolls
 e - 2 scrolls of blinking
 f - 3 scrolls of amnesia
 g - a scroll of poison
Potions
 d - a potion of haste
 l - a potion of resistance {unknown}
 m - 2 potions of curing {unknown}


   Skills:
 - Level 1.0 Fighting
 * Level 3.4 Ranged Weapons
 - Level 2.0 Dodging
 + Level 1.9 Spellcasting
 + Level 3.5 Hexes
 - Level 1.0 Fire Magic


You had one spell level left.
You knew the following spells:

 Your Spells              Type           Power      Damage    Failure   Level
a - Jinxbite              Hex            24%        N/A       8%          2
b - Sigil of Binding      Hex            12%        N/A       16%         3

Your spell library contained the following spells:

 Spells                   Type           Power      Damage    Failure   Level
 Inner Flame              Hex/Fire       12%        N/A       26%         3
 Cause Fear               Hex            6%         N/A       45%         4
 Dimensional Bullseye     Hex/Tloc       3%         N/A       71%         4


Dungeon Overview and Level Annotations

Branches:
Dungeon (3/15)

Altars:


Innate Abilities, Weirdness & Mutations

You cannot wear most types of armour.
You are amphibious.
You can wear up to eight rings at the same time.
Your skin changes colour to match your surroundings (Stealth+).
Your rubbery body absorbs attacks. (AC +1, EV +1)
((You are camouflaged when in or above water. (Stealth+)))
You have tentacles for arms and can constrict up to eight enemies at once.


Message History

A giggling sprite leaps out and makes the gnoll trip over its own feet.
The gnoll is moderately wounded.
A hobgoblin comes into view.
You shoot a sling bullet.
The sling bullet hits the gnoll but does no damage.
The gnoll is moderately wounded.
A giggling sprite leaps out and doodles on the gnoll's face.
The gnoll is severely wounded.
A gnoll bouda comes into view. It is wielding a +0 club.
You shoot a sling bullet.
The sling bullet hits the gnoll but does no damage.
The gnoll is severely wounded.
A giggling sprite leaps out and makes the gnoll trip over its own feet.
The gnoll is almost dead.
The jinxing sprites lose interest in you.
The gnoll barely misses you.
There is a stone staircase leading up here.
You shoot a sling bullet. The sling bullet hits the gnoll bouda.
The gnoll bouda is lightly wounded.
You shoot a sling bullet. The sling bullet hits the gnoll bouda.
The gnoll bouda is moderately wounded.
The gnoll bouda barks out a call to the hunt!
The gnoll picks up the pace!
You shoot a sling bullet.
The sling bullet closely misses the gnoll bouda.
You shoot a sling bullet.
The sling bullet completely misses the gnoll bouda.
A gnoll comes into view. It is wielding a +0 club.
The gnoll bouda hits you with a +0 club.
The gnoll hits you from afar with a +0 spear.
You shoot a sling bullet.
The sling bullet closely misses the gnoll bouda.
The gnoll bouda gazes fiercely through you!
You feel your attacks grow feeble.
The gnoll bouda hits you with a +0 club!
* * * LOW HITPOINT WARNING * * *
The gnoll hits you from afar with a +0 spear.
* * * LOW HITPOINT WARNING * * *
The gnoll hits you from afar with a +0 spear!
You die...

#########
#.....g..
########g#
#.....@g.#
#........#
####....g#
#.......
#.....#..
#.....#....
#.....# ...
#.....# ##.


You could see a gnoll bouda and 2 gnolls.

Vanquished Creatures
  4 ribbon worms (D:2)
  2 dart slugs
  3 endoplasms
  5 giant cockroaches
  7 goblins
  4 hobgoblins
  8 jackals
  5 kobolds
  2 quokkas
  3 ball pythons
  3 bats (D:1)
  5 frilled lizards
  2 rats
53 creatures vanquished.

Notes
Turn   | Place    | Note
-------+----------+-------------------------------------------
     0 | D:1      | mainiacjoe the Octopode Hexslinger began the quest for the
                  | Orb.
     0 | D:1      | Reached XP level 1. HP: 13/13 MP: 2/2
    58 | D:1      | Reached XP level 2. HP: 18/18 MP: 3/3
    61 | D:1      | Learned a level 2 spell: Jinxbite
   427 | D:1      | Reached XP level 3. HP: 23/23 MP: 5/5
   649 | D:1      | Found a faded altar of an unknown god.
  1085 | D:2      | Learned a level 3 spell: Sigil of Binding
  1185 | D:2      | Reached XP level 4. HP: 13/28 MP: 6/6
  1653 | D:3      | Slain by a gnoll

Illustrated notes

Levels and vault maps discovered:
D:1:      shiori_shiawase, layout_basic,
          shapermc_ecumenical_altar_mp_ritualfount
D:2:      layout_rooms
D:3:      layout_rooms, mainiacjoe_overflow_surrounded_room, old_standard_altar,
          serial_bayou, serial_bayou_pond_a, serial_bayou_lagoon_a,
          serial_bayou_pond_d, serial_bayou_ford_a, biasface_ghost_orc_armoury,
          kennysheep_generic_room_10, uniq_grinder, uniq_ijyb

Skill      XL: |  1  2  3 |
---------------+----------+-----
Ranged Weapons | 3 |  3.4
Fighting       | |  1.0
Dodging        | |  2.0
Spellcasting   | |  1.9
Hexes          | |  3.5
Fire Magic     | |  1.0

Action                     |  1- 3 |  4- 6 || total
---------------------------+-------+-------++-------
  Melee: Dagger            |     8 |     4 ||    12
         Constrict         |     4 |     1 ||     5
         Tentacles         |     2 |       ||     2
   Fire: Sling             |   111 |    51 ||   162
   Cast: Jinxbite          |     3 |     1 ||     4
    Use: Scroll            |     8 |       ||     8
         Potion            |     1 |       ||     1
 Armour: Skin              |    26 |     8 ||    34
  Dodge: Dodged            |    42 |    10 ||    52
